 Dungeon Crawl Stone Soup version 0.30-a0-782-ge64f9170bb (webtiles) character file.

Game seed: 6170927026712158649

2200 Drevant2 the Prestidigitator (level 9, -2/61 (64) HPs)
             Began as a White Draconian Artificer on Mar 2, 2023.
             Was a Follower of Nemelex Xobeh.
             Slain by an orc priest
             ... wielding a +0 mace
              (6 damage)
             ... on level 6 of the Dungeon.
             The game lasted 00:15:54 (7280 turns).

Drevant2 the Prestidigitator (DrAr)                 Turns: 7280, Time: 00:15:55

HP:   -2/61 (64)    AC:  7    Str: 15    XL:     9   Next: 12%
MP:   9/9           EV: 12    Int: 11    God:    Nemelex Xobeh [*.....]
Gold: 320           SH:  0    Dex: 16    Spells: 8/8 levels left

rFire   + . .      SeeInvis +    r - +4 whip "Tipp" {freeze, rElec SInv}
rCold   + + .      Faith    .    (no shield)
rNeg    . . .      Spirit   .    (body armour unavailable)
rPois   +          Reflect  .    (helmet restricted)
rElec   +          Harm     .    (no cloak)
rCorr   +          Rampage  .    (no gloves)
Will    .....                    (no boots)
Stlth   ++                       (no amulet)
HPRegen 0.30/turn                (no ring)
MPRegen 0.11/turn                (no ring)

@: resistant, flying, studying Throwing, lightly drained
A: breathe frost, AC +7, unfitting armour, cold resistance 1, cold-blooded
a: Breathe Frost, Renounce Religion, Draw Escape, Draw Destruction, Draw
Summoning


You were on level 6 of the Dungeon.
You worshipped Nemelex Xobeh.
Nemelex Xobeh was aware of your devotion.
You visited 2 branches of the dungeon, and saw 8 of its levels.

You collected 320 gold pieces.

Inventory:

Hand Weapons
 a - a +0 club
 e - a +0 mace
 r - the +4 whip "Tipp" (weapon) {freeze, rElec SInv}
   (You found it on level 3 of the Dungeon)

   rElec:     It insulates you from electricity.
   SInv:      It lets you see invisible.
 u - a +0 whip of electrocution
Missiles
 l - 5 javelins
 s - 2 throwing nets
Jewellery
 v - a ring of protection from fire
Wands
 c - a wand of charming (20)
Scrolls
 f - 5 scrolls of teleportation
 g - 2 scrolls of enchant weapon {unknown}
 h - 3 scrolls of fear {unknown}
 i - 2 scrolls of immolation {unknown}
 m - 4 scrolls of identify {unknown}
 n - a scroll of silence {unknown}
Potions
 j - a potion of haste {unknown}
 o - a potion of ambrosia {unknown}
 t - a potion of flight


   Skills:
 - Level 1.1 Fighting
 + Level 8.4 Maces & Flails
 - Level 2.1 Dodging
 - Level 0.8 Stealth
 + Level 9.2 Evocations


You had 8 spell levels left.
You didn't know any spells.
Your spell library contained the following spells:

 Spells                   Type           Power      Damage    Failure   Level
 Beastly Appendage        Tmut           0%         N/A       34%         1
 Kiss of Death            Conj/Necr      0%         2d5       34%         1
 Magic Dart               Conj           0%         1d3       34%         1
 Ensorcelled Hibernation  Hex/Ice        0%         N/A       47%         2
 Passwall                 Tmut/Erth      0%         N/A       47%         2
 Searing Ray              Conj           0%         2d4       47%         2
 Wereblood                Tmut           0%         N/A       47%         2
 Confusing Touch          Hex            0%         N/A       71%         3
 Dazzling Flash           Conj/Hex       0%         N/A       71%         3
 Spider Form              Tmut/Pois      0%         N/A       71%         3
 Swiftness                Air            0%         N/A       71%         3
 Animate Dead             Necr           0%         N/A       98%         4
 Dispel Undead            Necr           0%         3d6       98%         4
 Fulminant Prism          Conj/Hex       0%         3d5       98%         4
 Agony                    Necr           0%         N/A       100%        5
 Iskenderun's Battlesphe  Conj           0%         2d6       100%        5
 Silence                  Hex/Air        0%         N/A       100%        5
 Iron Shot                Conj/Erth      0%         9d1       100%        6
 Haunt                    Necr/Summ      0%         N/A       100%        7
 Spellforged Servitor     Conj/Summ      0%         N/A       100%        7
 Infestation              Necr           0%         N/A       100%        8


Dungeon Overview and Level Annotations

Branches:
Dungeon (7/15)             Temple (1/1) D:5

Altars:
Ashenzari
Dithmenos
Elyvilon
Fedhas
Gozag
Hepliaklqana
Kikubaaqudgha
Makhleb
Nemelex Xobeh
Okawaru
Qazlal
Ru
Trog
Uskayaw
Vehumet
Wu Jian
Zin

Shops:
D:6 [   D:7 !

Annotations:
D:6 1 runed translucent door, Crazy Yiuf, Dowan, Duvessa
D:7 Eustachio


Innate Abilities, Weirdness & Mutations

You can breathe waves of freezing cold which knock back foes.
Your icy white scales are hard. (AC +7)
You cannot fit into any form of body armour.
Your flesh is cold resistant. (rC+)
You are cold-blooded and may be slowed by cold attacks.


Message History

Level annotation: 1 runed translucent door, Crazy Yiuf, Dowan, Duvessa The orc hits you but does no damage.
There is a stone staircase leading down, spattered with blood here.
The orc barely misses you.
You climb downwards.
Level annotation: Eustachio The ufetubus hits you.
* * * LOW HITPOINT WARNING * * *
The ufetubus closely misses you. The crimson imp barely misses you.
The iron imp hits you.
* * * LOW HITPOINT WARNING * * *
Eustachio casts a spell.
The ufetubus closely misses you. The ufetubus barely misses you.
The crimson imp misses you.
There is a stone staircase leading up, spattered with blood here.
The quokka disappears in a puff of smoke!
The steam dragon breathes steam at you.
The ball of steam hits the crimson imp.
The crimson imp resists.
The ball of steam hits you. You resist.
* * * LOW HITPOINT WARNING * * *
The ball of steam hits the ufetubus!!
The ufetubus dies!
The ufetubus disappears in a puff of smoke!
The orc hits you but does no damage. The white imp gestures at you.
The puff of frost misses you. The iron imp barely misses you.
Eustachio gestures wildly while chanting.
Eustachio blinks!
The crimson imp closely misses you.
You hear a shout!
You hear a croak.
You climb upwards.
Level annotation: 1 runed translucent door, Crazy Yiuf, Dowan, Duvessa The orc priest hits you but does no damage. x2
There is a stone staircase leading down, spattered with blood here.
It was a potion of flight.
You feel very buoyant.
You fly up into the air.
The orc closely misses you.
The white imp hits you but does no damage.
The orc priest hits you with a +0 mace.
You die...
Your body disappears without a glow.

.......# ##..##
##.....#
##...#######
.#.....#
#..........#
.#.....#
#.#.#.####.#
.#.....# #.#.#.#
.#.....# #.#...#
.#.....# #.###.##
.#.....# #.
#5o################
##.....#
##@oo......oo......
#.....#
################o#
##.....# ##.....#
.......# ...#####
#.## ###


You could see an orc priest, a white imp and 2 orcs.

Vanquished Creatures
  Pikel (D:5)
  2 black bears (D:5)
  2 orc warriors
  A sky beast (D:6)
  An ogre (D:6)
  2 centaurs
  A necrophage (D:5)
  4 scorpions
  3 wights (D:6)
  3 hounds
  A jelly (D:4)
  A gnoll bouda (D:5)
  2 orc priests
  4 orc wizards
  13 gnolls
  8 adders
  3 worms
  2 dart slugs (D:1)
  15 orcs
  3 ball pythons
  A bat (D:1)
  6 endoplasms
  A giant cockroach (D:1)
  6 goblins
  2 hobgoblins
  6 jackals (D:2)
  6 kobolds
  7 quokkas
  2 frilled lizards
  5 rats
114 creatures vanquished.

Notes
Turn   | Place    | Note
-------+----------+-------------------------------------------
     0 | D:1      | Drevant2 the Draconian Artificer began the quest for the
                  | Orb.
     0 | D:1      | Reached XP level 1. HP: 16/16 MP: 1/1
   211 | D:1      | Reached XP level 2. HP: 22/23 MP: 2/2
   278 | D:1      | Reached skill level 1 in Maces & Flails
   754 | D:2      | Reached XP level 3. HP: 27/28 MP: 3/3
   856 | D:2      | Identified the +1 robe "Ipniynwo" {rElec rF++ Str+3}
  1045 | D:2      | Reached skill level 4 in Evocations
  1159 | D:2      | HP: 1/28 [adder (4)]
  1170 | D:2      | Reached XP level 4. HP: 10/35 MP: 4/4
  2184 | D:3      | Found an iron altar of Okawaru.
  2418 | D:3      | Identified the +4 whip "Tipp" {freeze, rElec SInv}
  2720 | D:4      | Noticed a centaur
  2728 | D:4      | Killed a centaur
  2729 | D:4      | Reached skill level 5 in Evocations
  2729 | D:4      | Reached XP level 5. HP: 22/40 MP: 5/5
  3146 | D:4      | Found a stormy altar of Qazlal.
  3146 | D:4      | Found a broken altar of Ashenzari.
  3378 | D:4      | Found a white marble altar of Elyvilon.
  3680 | D:4      | Reached XP level 6. HP: 47/47 MP: 6/6
  3698 | D:4      | Noticed an orc warrior
  3713 | D:4      | Killed an orc warrior
  3823 | D:5      | Entered Level 5 of the Dungeon
  3916 | D:5      | Reached skill level 6 in Evocations
  3916 | D:5      | Your scales start taking on an icy white colour.
  3916 | D:5      | Reached XP level 7. HP: 26/52 MP: 7/7
  3916 | D:5      | Gained mutation: Your flesh is cold resistant. (rC+) [White
                  | Draconian growth]
  4038 | D:5      | Reached skill level 5 in Maces & Flails
  4081 | D:5      | Found a staircase to the Ecumenical Temple.
  4081 | D:5      | Noticed Pikel
  4086 | D:5      | Killed Pikel
  4087 | D:5      | Reached skill level 7 in Evocations
  4087 | D:5      | Reached XP level 8. HP: 59/59 MP: 8/8
  4196 | Temple   | Entered the Ecumenical Temple
  4273 | Temple   | Became a worshipper of Nemelex Xobeh the Trickster
  4899 | D:5      | Reached skill level 8 in Evocations
  5227 | D:5      | Found a hide-covered altar of Uskayaw.
  5819 | D:6      | Found a runed translucent door.
  5820 | D:6      | Noticed Crazy Yiuf
  5929 | D:6      | Reached XP level 9. HP: 40/62 MP: 9/9
  5936 | D:6      | Reached skill level 9 in Evocations
  5936 | D:6      | Found Emedil's Armour Shoppe.
  6618 | D:6      | Reached * piety under Nemelex Xobeh
  6809 | D:6      | Noticed Duvessa
  6809 | D:6      | Noticed Dowan
  7081 | D:6      | Noticed Eustachio
  7083 | D:6      | Received a gift from Nemelex Xobeh
  7095 | D:7      | Found Jeschusish's Distillery.
  7278 | D:7      | HP: 3/61 [something/ball of steam (6)]
  7280 | D:6      | Slain by an orc priest

Illustrated notes

Levels and vault maps discovered:
D:1:      elethiomel_arrival_shortcut, layout_loops_ring
D:2:      layout_loops_cross
D:3:      layout_loops_ring, okawaru_ov_weapons_minmay
D:4:      layout_loops_ring, nicolae_overflow_crystal_walls,
          jmf_multi_god_temple, minmay_manual_mullet
D:5:      layout_cave_pools, kennysheep_little_box,
          minmay_temple_entry_junction_2, solitary_fountain, uniq_pikel
D:6:      layout_basic, serial_shops, nicolae_diamond_shop,
          minmay_misc_feat_diagonals, uniq_duvessa, uniq_eustachio,
          uniq_crazy_yiuf_cottage
D:7:      layout_rooms, lemuel_tele_altar, cheibriados_altar_1, serial_shops,
          shop
Temple:   nicolae_temple_godzebo

Skill      XL: |  1  2  3  4  5  6  7  8  9 |
---------------+----------------------------+-----
Maces & Flails | 1 2 3 4 6 8 |  8.4
Evocations     | 4 5 6 7 8 9 |  9.2
Fighting       | |  1.1
Dodging        | |  2.1
Stealth        | |  0.8

Action                     |  1- 3 |  4- 6 |  7- 9 || total
---------------------------+-------+-------+-------++-------
  Melee: Club              |    12 |       |       ||    12
         Mace              |   109 |    67 |       ||   176
         Tailslap          |    11 |    12 |    17 ||    40
         Punch             |     1 |     4 |     5 ||    10
         Whip              |       |    88 |   182 ||   270
  Evoke: Wand              |       |     3 |    20 ||    23
    Use: Potion            |     3 |     1 |     8 ||    12
         Scroll            |       |       |     2 ||     2
   Stab: Sleeping          |     3 |     4 |     1 ||     8
 Armour: Skin              |    55 |    48 |   110 ||   213
  Dodge: Dodged            |    98 |    83 |   133 ||   314

Table legend: (Time is in decaauts)
 A = Elapsed time spent in this place.
 B = Non-inter-level travel time spent in this place.
 C = Inter-level travel time spent in this place.
 D = Time resting spent in this place.
 E = Time spent auto-exploring this place.
 F = Levels seen in this place.
 G = Mean time per level.
                   A        B        C        D        E       F      G
               +--------+--------+--------+--------+--------+-----+--------+
         Total |   7331 |   6835 |    496 |   2411 |   3329 |   8 |  916.4 |
       Dungeon |   7179 |   6732 |    447 |   2411 |   3235 |   7 | 1025.6 |
        Temple |    151 |    102 |     49 |      0 |     94 |   1 |  151.0 |
               +--------+--------+--------+--------+--------+-----+--------+

Top non-repeatable levels by time:
     D:4: 1542 daAuts
     D:5: 1412 daAuts
     D:6: 1285 daAuts
     D:3: 1179 daAuts
     D:2: 826 daAuts
     D:1: 770 daAuts
     D:7: 163 daAuts
  Temple: 151 daAuts
